 Dungeon Crawl Stone Soup version 0.31-a0-1074-g0b22e4e0f1 (webtiles) character file.

Game seed: 13223817200009695460

51 Jeffwins the Shooter (level 3, -6/29 HPs)
             Began as an Armataur Hunter on Nov 27, 2023.
             Killed from afar by an orc wizard (11 damage)
             ... with a puff of flame
             ... on level 2 of the Dungeon.
             The game lasted 00:02:38 (954 turns).

Jeffwins the Shooter (Armataur Hunter)               Turns: 954, Time: 00:02:39

Health: -6/29      AC:  7    Str: 16    XL:     3   Next: 58%
Magic:  3/3        EV:  9    Int: 11    God:
Gold:   43         SH:  0    Dex: 13    Spells: 2/2 levels left

rFire   . . .        a - +0 shortbow
rCold   . . .        (shield currently unavailable)
rNeg    . . .        c - +0 leather armour
rPois   .            (no helmet)
rElec   .            m - +1 cloak
rCorr   .            j - +0 pair of gloves
SInv    .            (no barding)
Will    +....        (no amulet)
Stlth   +            (no ring)
HPRegen 0.24/turn    (no ring)
MPRegen 0.08/turn

%: roll
@: enlightened
A: large, deformed body, tough skin 3, armoured tail, roll 1, long tongue
a: no special abilities


You were on level 2 of the Dungeon.
You visited 1 branch of the dungeon, and saw 2 of its levels.

You collected 43 gold pieces.


Innate Abilities, Weirdness & Mutations

Armour fits poorly on your strangely shaped body.
You have extremely tough skin. (AC +3)
You have a long armoured tail.
You roll when moving toward enemies. (Rampage)
Your long tongue fully drains potion bottles. (2x potion effects)


   Skills:
 - Level 1.7 Fighting
 + Level 4.0 Ranged Weapons
 - Level 1.3 Dodging
 - Level 1.1 Stealth


You had 2 spell levels left.
You didn't know any spells.
Your spell library contained the following spells:

 Spells                   Type           Power      Damage    Failure   Level
 Static Discharge         Conj/Air       0%         3-3/arc   54%         2
 Dazzling Flash           Conj/Hex       0%         N/A       78%         3
 Volatile Blastmotes      Fire/Tloc      0%         2d10      78%         3
 Airstrike                Air            0%         2d(0-16)  99%         4
 Summon Lightning Spire   Summ/Air       0%         N/A       99%         4
 Starburst                Conj/Fire      0%         6d3       100%        6
 Maxwell's Capacitive Co  Air            0%         ∞         100%        8

Inventory:

Hand Weapons
 a - a +0 shortbow (weapon)
Armour
 c - a +0 leather armour (worn)
 j - a +0 pair of gloves (worn)
 m - a +1 cloak (worn)
Scrolls
 b - a scroll of butterflies
 d - 2 scrolls of silence {unknown}
 f - 2 scrolls of identify {unknown}
 g - a scroll of revelation {unknown}
 l - a scroll of enchant weapon {unknown}
Potions
 e - a potion of ambrosia {unknown}
 i - a potion of invisibility {unknown}

Dungeon Overview and Level Annotations

Branches:
Dungeon (2/15)

Altars:

Shops:
D:1 [

Annotations:
D:1 1 runed translucent door

.####..#..# ## #.).###.# # #.###
#.# ## # #.# #.#8###8## ### #.#
#......... #.. #.# #......... #.#
##.# #......... #.# #####..#
###8###8## #.# ##)){@.## ########
###.###..##### #...###8
#o..#...## ###...## o..o..#...###
####.## ############### ###
#....## #8###8###⌠###8###8###
#.####8
....................#######.# ##
......................##....#####
.....################............


There were no monsters in sight!


Message History

Unknown command.
You shoot an arrow. Something hits you but does no damage.
Unknown command.
You cannot move.
Unknown command.
You shoot an arrow.
You hear some strange, mumbled words.
You are confused.
You shoot an arrow.
An orc wizard appears from thin air!
Reactivating autopickup.
The orc wizard gestures wildly while chanting.
The orc wizard flickers and vanishes!
Deactivating autopickup; reactivate with Ctrl-A.
Unknown command.
You shoot an arrow.
You hear some strange, mumbled words.
Something tries to affect you, but you resist.
Something hits you but does no damage.
You shoot an arrow. Something hits you but does no damage.
You shoot an arrow. Something hits you but does no damage.
You shoot an arrow.
You feel less wooden.
Your +1 cloak unmelds from your body.
Your +0 pair of gloves unmelds from your body.
Your +0 leather armour unmelds from your body.
You feel less confused.
You hear some strange, mumbled words.
A puff of flame appears from out of thin air!
The puff of flame hits you!
You die...

Skill      XL: |  1  2  3 |
---------------+----------+-----
Ranged Weapons | 3 4 |  4.0
Fighting       | |  1.7
Dodging        | |  1.3
Stealth        | |  1.1

Action                     || total
---------------------------++-------
   Fire: Shortbow          ||   126
    Use: Potion            ||     2
 Armour: Leather armour    ||    39
         Skin              ||    26
  Dodge: Dodged            ||    15

Levels and vault maps discovered:
D:1:      dpeg_arrival_caged_fury, layout_basic, serial_shops, shop,
          minivault_26, nicolae_concentric_dashed_squares_mild,
          minmay_misc_feat_tiny, minmay_misc_feat_room, serial_bayou_ford_a
D:2:      layout_rooms, serial_corexii_hall, chequers_hall_statues_wall_a,
          chequers_hall_statues_wall_a, corexii_hall_statues_t,
          chequers_hall_statues_y

Notes
Turn   | Place    | Note
-------+----------+-------------------------------------------
     0 | D:1      | Jeffwins the Armataur Hunter began the quest for the Orb.
     0 | D:1      | Reached XP level 1. HP: 17/17 MP: 1/1
     1 | D:1      | Found a runed translucent door.
    16 | D:1      | Reached skill level 3 in Ranged Weapons
    93 | D:1      | Reached XP level 2. HP: 24/24 MP: 2/2
   392 | D:1      | Found Aromuoho's Armour Boutique.
   691 | D:2      | Reached XP level 3. HP: 23/29 MP: 3/3
   923 | D:2      | Reached skill level 4 in Ranged Weapons
   944 | D:2      | HP: 4/43 [something/puff of flame (7)]
   954 | D:2      | Killed from afar by an orc wizard

Vanquished Creatures
  An adder (D:2)
  4 orcs (D:2)
  4 endoplasms (D:1)
  3 giant cockroaches
  2 goblins
  2 hobgoblins (D:1)
  6 jackals (D:1)
  A quokka (D:2)
  4 ball pythons
  2 bats
  A frilled lizard (D:1)
  3 kobolds (D:1)
33 creatures vanquished.

Table legend: (Time is in decaauts)
 A = Elapsed time spent in this place.
 B = Non-inter-level travel time spent in this place.
 C = Inter-level travel time spent in this place.
 D = Time resting spent in this place.
 E = Time spent auto-exploring this place.
 F = Levels seen in this place.
 G = Mean time per level.
                   A        B        C        D        E       F      G
               +--------+--------+--------+--------+--------+-----+--------+
         Total |    983 |    972 |     11 |      0 |    722 |   2 |  491.5 |
       Dungeon |    983 |    972 |     11 |      0 |    722 |   2 |  491.5 |
               +--------+--------+--------+--------+--------+-----+--------+

Top non-repeatable levels by time:
     D:1: 668 daAuts
     D:2: 315 daAuts

Table legend:
 A = Non-vault XP
 B = Vault XP
 C = Vault XP percentage of total XP
 D = Non-vault monster count
 E = Vault monster count
 F = Vault count percentage of total count
                 A         B        C        D         E       F
            +---------+---------+-------+---------+---------+-------
      Total |      74 |       0 |   0.0 |      33 |       0 |   0.0
            +---------+---------+-------+---------+---------+-------
        D:1 |      38 |       0 |   0.0 |      22 |       0 |   0.0
        D:2 |      36 |       0 |   0.0 |      11 |       0 |   0.0
            +---------+---------+-------+---------+---------+-------
